 Dungeon Crawl Stone Soup version 0.28-a0-1435-g82390b3a13 (webtiles) character file.

Game seed: 14623136473539692380

1422 enile the Skirmisher (level 8, -7/68 HPs)
             Began as a Demigod Wanderer on Jan 9, 2022.
             Killed from afar by Maggie (16 damage)
             ... with a bolt of fire
             ... on level 7 of the Dungeon.
             The game lasted 00:13:54 (8870 turns).

enile the Skirmisher (Demigod Wanderer)             Turns: 8870, Time: 00:13:55

Health: -7/68      AC: 13    Str: 27    XL:     8   Next: 20%
Magic:  12/12      EV: 22    Int: 15    God:
Gold:   298        SH:  0    Dex: 12    Spells: 5/9 levels left

rFire   . . .      SeeInvis +   g - +3 mace (protect)
rCold   . . .      Faith    .   (no shield)
rNeg    . . .      Spirit   .   w - +0 plate armour
rPois   .          Reflect  .   (no helmet)
rElec   .          Harm     .   h - +0 cloak
rCorr   .          Rampage  .   (no gloves)
Will    .....                   (no boots)
Stlth   ..........              l - amulet of the acrobat
HPRegen 0.21/turn               j - +6 ring of strength
MPRegen 0.13/turn               q - ring of see invisible

@: about to teleport, acrobatic
A: high mp 1, forlorn, divine attributes
a: no special abilities


You were on level 7 of the Dungeon.
You visited 1 branch of the dungeon, and saw 7 of its levels.
You also visited: Ossuary.

You collected 298 gold pieces.

Inventory:

Hand Weapons
 a - a +2 falchion
 g - a +3 mace of protection (weapon)
 k - a +4 whip
 s - a +2 falchion of holy wrath
Missiles
 c - 13 poisoned darts
Armour
 b - a +0 scale mail
 h - a +0 cloak (worn)
 w - a +0 plate armour (worn)
Jewellery
 j - a +6 ring of strength (left hand)
 l - an amulet of the acrobat (around neck)
 m - a +6 ring of intelligence
 q - a ring of see invisible (right hand)
 y - a ring of fire
Wands
 o - a wand of charming (10) (quivered)
 A - a wand of polymorph (9)
 B - a wand of iceblast (8)
 D - a wand of mindburst (7)
Scrolls
 d - 7 scrolls of immolation
 f - a scroll of fog
 n - a scroll of silence
 r - 9 scrolls of noise
 t - 3 scrolls of teleportation
 z - 2 scrolls of enchant weapon
Potions
 e - 4 potions of curing {unknown}
 i - a potion of invisibility {unknown}
 p - a potion of attraction {unknown}
 u - a potion of brilliance
 v - 2 potions of mutation
 x - a potion of magic {unknown}
 C - a potion of heal wounds {unknown}
 E - 2 potions of might
 G - a potion of haste {unknown}


   Skills:
 + Level 5.3 Fighting
 - Level 2.0 Long Blades
 - Level 3.0 Maces & Flails
 - Level 1.0 Throwing
 - Level 5.0 Armour
 - Level 1.0 Dodging
 - Level 2.0 Stealth
 - Level 1.0 Spellcasting
 - Level 1.8 Summonings
 - Level 5.0 Evocations


You had 5 spell levels left.
You knew the following spells:

 Your Spells              Type           Power      Damage    Failure   Level
a - Summon Small Mammal   Summ           24%        N/A       80%         1
b - Summon Guardian Gole  Hex/Summ       3%         N/A       99%         3

Your spell library contained the following spells:

 Spells                   Type           Power      Damage    Failure   Level
 Corpse Rot               Necr/Air       0%         N/A       99%         2
 Gell's Gravitas          Tloc           0%         N/A       100%        3
 Teleport Other           Tloc           0%         N/A       100%        3
 Dispel Undead            Necr           0%         3d6       100%        4
 Death Channel            Necr           0%         N/A       100%        6
 Dispersal                Tloc           0%         N/A       100%        6


Dungeon Overview and Level Annotations

Branches:
Dungeon (7/15)             Temple (0/1) D:6         Ossuary (visited)

Annotations:
D:7 Maggie


Innate Abilities, Weirdness & Mutations

You have an increased reservoir of magic. (+10% MP)
You shall have no god before yourself.
Your divine heritage dramatically boosts your attributes as you level up.


Message History

Attack!
You feel a bit more experienced.
An ice beast comes into view.
What are your orders? t - Shout!
Orders for allies: a - Attack new target. r - Retreat! s - Stop attacking. g - Guard the area. f - Follow me.
Anything else - Cancel.
Gang up on whom?
Press: ? - help, Dir - move target, f - ice beast
Aim: an ice beast Attack!
Maggie mumbles some strange words.
The ice beast barely misses Maggie.
Maggie gestures at the ice beast while chanting.
The bolt of fire hits the ice beast!!
The ice beast melts!
The ice beast dies!
Training target 5.0 for Evocations reached!
Your Evocations skill increases to level 5!
You need to enable at least one skill for training.
As you read the scroll labelled PUYB VYIDI, it crumbles to dust.
You speak a Word of immense power!
It was a scroll of holy word.
Maggie is no longer charmed.
Maggie shouts!
Maggie hits you from afar with a +2 halberd of distortion!
You blink.
As you read the scroll of teleportation, it crumbles to dust.
You feel strangely unstable.
Maggie hits you with a +2 halberd of distortion!
* * * LOW HITPOINT WARNING * * *
Space warps around you.
* * * LOW HITPOINT WARNING * * *
Maggie points at you and mumbles some strange words.
The bolt of fire misses you.
Maggie says, "Have you seen any dragons?"
Maggie completely misses you. Maggie casts a spell at you.
The bolt of fire hits you!
You die...

#..........# #
#...#.#.#.## #
##........... .
##..#.#.#.#..##
#
#............#
#
#.#..#.#.#.#.##
###..........#
####..######..#
#..@.....# #.#
#..#####.#
#..#.......
##.###@.#.#####
# ......).#.#
#####...#.....#
#...#####..
#!### #.


You could see Maggie.

Vanquished Creatures
  Grinder (D:5)
  Duvessa (D:6)
  A sky beast (D:5)
  An ice beast (D:5)
  An ogre (D:4)
  Blork the orc (D:6)
  A scorpion (D:6)
  4 centaur zombies
  2 hounds
  An orc priest (D:5)
  A bullfrog skeleton (D:6)
  A centaur skeleton (D:6)
  An iguana (D:6)
  2 orc wizards
  3 mummies (Ossuary)
  A howler monkey skeleton (D:4)
  6 adders
  3 worms
  4 dart slugs
  13 orcs
  8 endoplasms
  3 giant cockroaches
  2 gnoll zombies (Ossuary)
  6 goblins
  6 hobgoblins
  5 jackals
  4 quokkas
  6 ball pythons
  5 bats
  3 frilled lizards
  A goblin zombie (Ossuary)
  A hobgoblin zombie (Ossuary)
  12 kobolds
  2 kobold zombies (Ossuary)
  4 rats
117 creatures vanquished.

Vanquished Creatures (collateral kills)
  An ice beast (D:7)
  Dowan (D:6)
  A howler monkey zombie (D:7)
  An adder (D:6)
  A jackal (D:1)
  A ball python (D:3)
  2 bats (D:1)
  A frilled lizard (D:3)
  A rat (D:1)
10 creatures vanquished.

Grand Total: 127 creatures vanquished

Notes
Turn   | Place    | Note
-------+----------+-------------------------------------------
     0 | D:1      | enile the Demigod Wanderer began the quest for the Orb.
     0 | D:1      | enile set off with the following items: a +2 falchion, a +0
                  | scale mail; and the following spell memorised: Summon Small
                  | Mammal; and the following spells available to memorise:
                  | Summon Guardian Golem
     0 | D:1      | Reached XP level 1. HP: 14/14 MP: 4/4
   291 | D:1      | Reached skill level 1 in Fighting
   528 | D:1      | Reached XP level 2. HP: 20/23 MP: 2/5
  1832 | D:2      | Reached XP level 3. HP: 21/29 MP: 7/7
  2913 | D:3      | Reached XP level 4. HP: 38/38 MP: 8/8
  3274 | D:3      | Reached skill level 1 in Maces & Flails
  3550 | D:3      | Noticed a balrug
  3738 | D:4      | Found a sand-covered staircase.
  3748 | Ossuary  | Entered an ossuary
  4016 | Ossuary  | Reached skill level 1 in Stealth
  4062 | Ossuary  | Learned a level 3 spell: Summon Guardian Golem
  4087 | Ossuary  | Reached XP level 5. HP: 36/45 MP: 7/9
  5031 | D:4      | Noticed an ogre
  5081 | D:4      | Killed an ogre
  5082 | D:4      | Reached skill level 1 in Throwing
  5082 | D:4      | Reached XP level 6. HP: 4/53 MP: 10/10
  5915 | D:5      | Entered Level 5 of the Dungeon
  5941 | D:5      | Reached skill level 5 in Fighting
  6733 | D:5      | Noticed Grinder
  6737 | D:5      | Paralysed by Grinder for 5 turns
  6744 | D:5      | Killed Grinder
  6745 | D:5      | Reached XP level 7. HP: 39/61 MP: 9/11
  7323 | D:6      | Noticed Blork the orc
  7330 | D:6      | Killed Blork the orc
  7331 | D:6      | Reached skill level 5 in Armour
  7423 | D:6      | Found a staircase to the Ecumenical Temple.
  7783 | D:6      | Noticed Duvessa
  7784 | D:6      | Noticed Dowan
  7801 | D:6      | Killed Dowan
  7844 | D:6      | Killed Duvessa
  7845 | D:6      | Reached XP level 8. HP: 37/68 MP: 12/12
  8834 | D:7      | Noticed Maggie
  8866 | D:7      | Reached skill level 5 in Evocations
  8870 | D:7      | Killed from afar by Maggie

Illustrated notes

Levels and vault maps discovered:
D:1:      dpeg_arrival_subterranean_lakeside_camping, layout_basic,
          hellmonk_ecumenical_altar_blasted, kennysheep_flooded_box
D:2:      layout_loops_ring, basic_altar, minmay_pentomino_p2
D:3:      layout_loops_ring, makhleb_altar_promises_db,
          gammafunk_temple_overflow_wave, minmay_randomly_rotated_circles
D:4:      layout_gridville, vehumet_crystals, nicolae_elyvilon_peaceful_grove,
          nicolae_ru_awakened_eye, nicolae_ossuary_entry_ruins,
          kennysheep_generic_room_14
D:5:      layout_basic, uniq_grinder
D:6:      layout_layer_cave, mainiacjoe_overflow_tiny_flanked,
          minmay_temple_entry_butterflies, uniq_duvessa, uniq_blork_the_orc
D:7:      layout_loops_ring, old_standard_altar, enter_bailey_2,
          serial_co_window_serial, co_window_of_opportunity_a,
          co_window_paths_b, co_window_paths_a, co_window_corner_a,
          co_window_of_opportunity_a, co_window_paths_c,
          co_window_of_opportunity_b, co_window_broadway_a,
          co_window_of_opportunity_b, co_window_2corner, co_window_2corner,
          co_window_corner_ca, co_window_sun, glass_columns_a, glass_columns_b,
          glass_columns_c, nicolae_elemental_shop, guppyfry_early_elven_hall,
          uniq_maggie

Skill      XL: |  1  2  3  4  5  6  7  8 |
---------------+-------------------------+-----
Fighting       | 1 2 3 4 5 |  5.3
Long Blades    | 2 |  2.0
Armour         | 3 4 5 |  5.0
Maces & Flails | 1 2 3 |  3.0
Stealth        | 2 |  2.0
Throwing       | 1 |  1.0
Evocations     | 3 4 5 |  5.0
Dodging        | |  1.0
Spellcasting   | |  1.0
Summonings     | |  1.8

Action                   |  1- 3 |  4- 6 |  7- 9 || total
-------------------------+-------+-------+-------++-------
Melee: Falchion          |    65 |       |       ||    65
       Mace              |    80 |   174 |    83 ||   337
       Punch             |     2 |     2 |     1 ||     5
Throw: Dart              |       |       |     1 ||     1
 Cast: Summon Small Mamm |    26 |     9 |     1 ||    36
Evoke: Wand              |       |     2 |     6 ||     8
  Use: Scroll            |       |    10 |     2 ||    12
       Potion            |       |     3 |       ||     3
 Stab: Distracted        |       |     2 |       ||     2
Armor: Scale mail        |    99 |    71 |       ||   170
       Plate armour      |       |    41 |    77 ||   118
Dodge: Dodged            |    92 |   115 |    49 ||   256

Table legend: (Time is in decaauts)
 A = Elapsed time spent in this place.
 B = Non-inter-level travel time spent in this place.
 C = Inter-level travel time spent in this place.
 D = Time resting spent in this place.
 E = Time spent auto-exploring this place.
 F = Levels seen in this place.
 G = Mean time per level.
                   A        B        C        D        E       F      G
               +--------+--------+--------+--------+--------+-----+--------+
         Total |   9007 |   8784 |    223 |    358 |   7161 |   8 | 1125.9 |
       Dungeon |   8342 |   8119 |    223 |    358 |   6615 |   7 | 1191.7 |
       Ossuary |    665 |    665 |      0 |      0 |    546 |   1 |  665.0 |
               +--------+--------+--------+--------+--------+-----+--------+

Top non-repeatable levels by time:
     D:4: 1951 daAuts
     D:1: 1842 daAuts
     D:6: 1501 daAuts
     D:5: 1066 daAuts
     D:2: 992 daAuts
     D:3: 927 daAuts
 Ossuary: 665 daAuts
     D:7: 62 daAuts
